 Dungeon Crawl Stone Soup version 0.30-a0-125-g51eefa89be (webtiles) character file.

Game seed: 11804384276459477302

70 Casaw the Vexing (level 4, -1/21 HPs)
             Began as a Spriggan Enchanter on Sept 18, 2022.
             Slain by a wyvern (17 damage)
             ... on level 4 of the Dungeon.
             The game lasted 00:06:06 (3276 turns).

Casaw the Vexing (Spriggan Enchanter)               Turns: 3276, Time: 00:06:09

Health: -1/21      AC:  2    Str:  6    XL:     4   Next: 4%
Magic:  16/20      EV: 17    Int: 16    God:
Gold:   152        SH:  0    Dex: 15    Spells: 0/11 levels left

rFire   . . .      SeeInvis +    a - +1 dagger
rCold   . . .      Faith    .    (no shield)
rNeg    . . .      Spirit   .    b - +0 robe
rPois   .          Reflect  .    (helmet restricted)
rElec   .          Harm     .    (no cloak)
rCorr   .          Rampage  .    (gloves unavailable)
Will    .....                    (boots unavailable)
Stlth   +++.......               (no amulet)
HPRegen 0.07/turn                k - ring of magical power
MPRegen 0.17/turn                (no ring)

@: very quick
A: very small, no large weapons, unfitting armour, see invisible, speed 3
a: no special abilities


You were on level 4 of the Dungeon.
You visited 1 branch of the dungeon, and saw 4 of its levels.

You collected 152 gold pieces.

Inventory:

Hand Weapons
 a - a +1 dagger (weapon)
Armour
 b - a +0 robe (worn)
Jewellery
 k - a ring of magical power (left hand)
 l - a +4 ring of protection
Scrolls
 f - a scroll of vulnerability
Potions
 c - a potion of invisibility
 d - 2 potions of attraction {unknown}
 e - 4 potions of curing
 g - a potion of heal wounds {unknown}
 h - a potion of cancellation {unknown}
 i - a potion of might {unknown}
 j - a potion of magic {unknown}
 m - 2 potions of haste {unknown}
 n - a potion of brilliance {unknown}
 o - a potion of lignification {unknown}


   Skills:
 - Level 1.1 Short Blades
 - Level 2.6 Dodging
 - Level 4.4 Stealth
 + Level 4.2 Spellcasting
 + Level 4.9 Hexes


You couldn't memorise any spells.
You knew the following spells:

 Your Spells              Type           Power      Damage    Failure   Level
a - Ensorcelled Hibernat  Hex/Ice        22%        N/A       9%          2
b - Tukima's Dance        Hex            19%        N/A       6%          3
c - Dazzling Flash        Conj/Hex       22%        N/A       19%         3
d - Confusing Touch       Hex            19%        N/A       6%          3

Your spell library contained the following spells:

 Spells                   Type           Power      Damage    Failure   Level
 Inner Flame              Hex/Fire       11%        N/A       19%         3
 Cause Fear               Hex            9%         N/A       22%         4
 Blink                    Tloc           6%         N/A       26%         2
 Manifold Assault         Tloc           3%         N/A       86%         4
 Storm Form               Tmut/Air       1%         N/A       100%        7
 Discord                  Hex            9%         N/A       100%        8


Dungeon Overview and Level Annotations

Branches:
Dungeon (4/15)
 Temple: D:4-7

Altars:

Shops:
D:1 :

Annotations:
D:3 2 transporters, AarnesTheHuman's ghost, amateur GrEE; Grinder


Innate Abilities, Weirdness & Mutations

You are very small and have problems with some larger weapons.
You are too small for most types of armour.
You have supernaturally acute eyesight. (SInv)
You cover ground extremely quickly. (Speed+++)


Message History

e - 4 potions of curing Unknown command.
Unknown command.
Unknown command.
You now have 140 gold pieces (gained 14).
Found a hand axe.
You open the door.
There is an open door here.
You now have 152 gold pieces (gained 12).
Found a short sword.
There is an open door here.
There is an open door here.
Partly explored, unvisited transporter.
Partly explored, unvisited transporter.
(D) Dungeon
Where to? (Enter - D:3, ? - help)
You open the door.
There is an open door here.
There is a stone staircase leading down here.
You climb downwards.
There is a stone staircase leading up here.
A wyvern is nearby!
Unknown command.
A centaur comes into view.
An adder comes into view.
Casting: Ensorcelled Hibernation (safe; 9% risk of failure)
Confirm with . or Enter, or press ? or * to list all spells.
Aiming: Ensorcelled Hibernation (safe; 9% risk of failure)
Press: ? - help, Shift-Dir - straight line, f - wyvern
Aim: a wyvern (chance to affect: 45%)
The wyvern resists with some effort.
The wyvern bites you.
Casting: Ensorcelled Hibernation (safe; 9% risk of failure)
Confirm with . or Enter, or press ? or * to list all spells.
Aiming: Ensorcelled Hibernation (safe; 9% risk of failure)
Press: ? - help, Shift-Dir - straight line, f/p - wyvern
Aim: a wyvern (chance to affect: 45%)
The wyvern resists with some effort.
The wyvern barely misses you. The wyvern bites you!
Ouch! That really hurt!
You die...

#.#.. #.#
##....# #.#
.......##.#
..........#
#........#
#.c......#
#.#...#..#
###.#l<#
#.#@.#
...S.....#
#........#
#####.####
#. #. #


You could see a wyvern and an adder (asleep).

Vanquished Creatures
  3 adders
  3 dart slugs
  3 endoplasms (D:2)
  3 goblins
  2 hobgoblins (D:1)
  7 jackals (D:1)
  2 quokkas
  2 ball pythons (D:3)
  2 bats (D:2)
  3 frilled lizards
  5 kobolds
35 creatures vanquished.

Vanquished Creatures (others)
  A plant (D:3)
1 creature vanquished.

Grand Total: 36 creatures vanquished

Notes
Turn   | Place    | Note
-------+----------+-------------------------------------------
     0 | D:1      | Casaw the Spriggan Enchanter began the quest for the Orb.
     0 | D:1      | Reached XP level 1. HP: 9/9 MP: 5/5
   280 | D:1      | Reached XP level 2. HP: 13/13 MP: 7/7
   284 | D:1      | Learned a level 2 spell: Ensorcelled Hibernation
   618 | D:1      | Found Joyc Vui's Book Shop.
   953 | D:1      | Found a faded altar of an unknown god.
  1276 | D:2      | Identified the +6 scale mail of Wilikhal {rPois rN+}
  1556 | D:2      | Reached XP level 3. HP: 16/16 MP: 9/9
  2220 | D:3      | Learned a level 3 spell: Tukima's Dance
  2224 | D:3      | Learned a level 3 spell: Confusing Touch
  2406 | D:3      | Noticed Grinder
  2433 | D:3      | Reached XP level 4. HP: 19/21 MP: 11/11
  2437 | D:3      | Learned a level 3 spell: Dazzling Flash
  2728 | D:3      | Found a transporter.
  2730 | D:3      | Noticed AarnesTheHuman's ghost (amateur GrEE)
  2759 | D:3      | Found a transporter.
  3268 | D:4      | Noticed a wyvern
  3269 | D:4      | Noticed a centaur
  3276 | D:4      | Slain by a wyvern

Illustrated notes

Levels and vault maps discovered:
D:1:      lightli_arrival_statue_moat, layout_basic, serial_shops,
          nicolae_shop_hallway_plus, shapermc_ecumenical_altar_acropolis,
          fountainhead, minmay_cut_off
D:2:      layout_basic
D:3:      layout_basic, gammafunk_ghost_mausoleum, nrook_mini_vaults,
          serial_bayou_pond_e, glass_columns_c, uniq_grinder
D:4:      layout_loops_corners, serial_shops, nicolae_diamond_shop,
          gammafunk_ghost_split, minivault_24, grunt_decor_arrowhead,
          uniq_pikel, uniq_ijyb

Skill      XL: |  1  2  3 |
---------------+----------+-----
Spellcasting   | 3 4 |  4.2
Hexes          | 4 |  4.9
Short Blades   | |  1.1
Dodging        | |  2.6
Stealth        | |  4.4

Action                   |  1- 3 |  4- 6 || total
-------------------------+-------+-------++-------
Melee: Dagger            |   122 |    11 ||   133
       Punch             |     1 |       ||     1
 Cast: Ensorcelled Hiber |     9 |     3 ||    12
  Use: Scroll            |     6 |     2 ||     8
       Potion            |     1 |       ||     1
 Stab: Sleeping          |    14 |     1 ||    15
       Invisible         |     2 |       ||     2
Armor: Robe              |     8 |     1 ||     9
Dodge: Dodged            |    93 |    17 ||   110

Table legend: (Time is in decaauts)
 A = Elapsed time spent in this place.
 B = Non-inter-level travel time spent in this place.
 C = Inter-level travel time spent in this place.
 D = Time resting spent in this place.
 E = Time spent auto-exploring this place.
 F = Levels seen in this place.
 G = Mean time per level.
                   A        B        C        D        E       F      G
               +--------+--------+--------+--------+--------+-----+--------+
         Total |   2411 |   2373 |     38 |      0 |   2038 |   4 |  602.8 |
       Dungeon |   2411 |   2373 |     38 |      0 |   2038 |   4 |  602.8 |
               +--------+--------+--------+--------+--------+-----+--------+

Top non-repeatable levels by time:
     D:1: 898 daAuts
     D:2: 772 daAuts
     D:3: 734 daAuts
     D:4: 5 daAuts
